 Dungeon Crawl Stone Soup version 0.30.0-5-g1a98f26d00 (webtiles) character file.

Game seed: 8978456854147017451

371 GigaChad the Shield-Bearer (level 7, 0/55 HPs)
             Began as a Formicid Fighter on May 12, 2023.
             Was a Believer of Okawaru.
             Shot with an arrow by a centaur (10 damage)
             ... on level 5 of the Dungeon.
             The game lasted 00:04:23 (2657 turns).

GigaChad the Shield-Bearer (Formicid Fighter)       Turns: 2657, Time: 00:04:24

Health: 0/55       AC: 16    Str: 23    XL:     7   Next: 2%
Magic:  7/7        EV: 23    Int:  7    God:    Okawaru [**....]
Gold:   130        SH:  5    Dex: 13    Spells: 6/6 levels left

rFire   . . .        a - +3 war axe
rCold   . . .        c - +0 buckler
rNeg    . . .        w - +0 chain mail
rPois   .            (helmet unavailable)
rElec   .            (no cloak)
rCorr   .            (no gloves)
SInv    +            g - +2 pair of boots
Will    .....        h - amulet of the acrobat Stlth
                     s - +4 ring of protection
HPRegen 0.29/turn    (no ring)
MPRegen 0.10/turn

%: acrobat
@: acrobatic
A: permanent stasis, dig shafts and tunnels, antennae 3, four strong arms
a: Dig, Shaft Self, Renounce Religion, Heroism


You were on level 5 of the Dungeon.
You worshipped Okawaru.
Okawaru was pleased with you.
You visited 1 branch of the dungeon, and saw 5 of its levels.

You collected 130 gold pieces.

Inventory:

Hand Weapons
 a - a +3 war axe (weapon)
Armour
 b - a +0 scale mail
 c - a +0 buckler (worn)
 g - a +2 pair of boots (worn)
 w - a +0 chain mail (worn)
Jewellery
 f - a ring of protection from cold
 h - an amulet of the acrobat (around neck)
 l - an amulet of magic regeneration
 s - a +4 ring of protection (left hand)
 u - a ring of protection from fire
Wands
 t - a wand of flame (29)
Scrolls
 k - a scroll of silence
 m - 3 scrolls of teleportation
 n - a scroll of amnesia
 p - 2 scrolls of identify
 r - a scroll of fear
 x - a scroll of butterflies {unknown}
Potions
 d - 2 potions of might
 e - a potion of curing {unknown}
 i - 2 potions of lignification {unknown}
 j - 2 potions of ambrosia {unknown}
 o - 2 potions of heal wounds {unknown}
 q - a potion of attraction {unknown}
 v - a potion of haste {unknown}


   Skills:
 + Level 4.5 Fighting
 + Level 4.8 Axes
 + Level 4.4 Armour
 + Level 1.0 Dodging
 + Level 1.1 Stealth
 + Level 5.0 Shields


You had 6 spell levels left.
You didn't know any spells.
Your spell library was empty.

Dungeon Overview and Level Annotations

Branches:
Dungeon (5/15)
 Temple: D:4-7

Altars:
Okawaru
Sif Muna

Shops:
D:1 [


Innate Abilities, Weirdness & Mutations

You cannot be hasted, slowed, berserked, paralysed or teleported.
You can dig through walls and to a lower floor.
You have a pair of large antennae on your head. (SInv)
Your four strong arms can wield two-handed weapons with a shield.


Message History

You miss the quokka. The quokka closely misses you.
Unknown command.
You slash the dart slug!
You kill the dart slug!
Okawaru accepts your kill.
You completely miss the quokka.
The quokka bites you but does no damage.
The quokka barely misses you. You block the quokka's attack.
Unknown command.
You hit the quokka.
The quokka is almost dead.
The quokka barely misses you. You block the quokka's attack.
Unknown command.
You hit the quokka.
You kill the quokka!
Okawaru accepts your kill.
Unknown command.
Unknown command.
You start resting.
A centaur comes into view. It is wielding a +0 dagger.
A centaur is nearby!
A centaur is nearby!
A centaur is nearby!
The centaur shouts!
The centaur unwields a +0 dagger.
The centaur wields a +2 shortbow of flaming.
It bursts into flame!
The centaur shoots an arrow.
The arrow hits you.
* * * LOW HITPOINT WARNING * * *
The arrow burns you.
* * * LOW HITPOINT WARNING * * *
The centaur shoots an arrow.
The arrow completely misses you.
Things that are here:
a hound corpse; an iguana corpse The centaur shoots an arrow.
The arrow hits you.
* * * LOW HITPOINT WARNING * * *
The arrow burns you.
* * * LOW HITPOINT WARNING * * *
The centaur shoots an arrow.
The arrow hits you!
You die...

...................##.#
.......#..#.##.....##.##
.......................#
..........#..#.##.#.#..##
.......#..#.......#..†>..
.............##..........
........†.#.....####.....
....[.†#.....#..#####....
..###...@................
. #....#...............
.....#.....##...........
...c.!#.....#...........
..........#.#...........
.........##..........
.......... #.......
......... ##


You could see a centaur.

Vanquished Creatures
  A water moccasin (D:5)
  A howler monkey (D:5)
  2 hounds (D:5)
  An iguana (D:5)
  6 adders
  A dart slug (D:5)
  A worm (D:2)
  An orc (D:4)
  7 ball pythons
  4 endoplasms
  3 giant cockroaches
  7 goblins
  5 hobgoblins
  8 jackals (D:2)
  9 kobolds
  5 quokkas
  9 bats
  A frilled lizard (D:1)
  6 rats
78 creatures vanquished.

Notes
Turn   | Place    | Note
-------+----------+-------------------------------------------
     0 | D:1      | GigaChad the Formicid Fighter began the quest for the Orb.
     0 | D:1      | Reached XP level 1. HP: 18/18 MP: 1/1
   103 | D:1      | Reached XP level 2. HP: 22/24 MP: 2/2
   309 | D:1      | Found Ryfeenu's Antique Armour Emporium.
   724 | D:2      | Reached XP level 3. HP: 28/29 MP: 3/3
   809 | D:2      | Found a faded altar of an unknown god.
   831 | D:2      | Prayed at the altar of an unknown god.
   831 | D:2      | Became a worshipper of Warmaster Okawaru
   831 | D:2      | Reached * piety under Okawaru
   873 | D:2      | Reached XP level 4. HP: 37/37 MP: 4/4
  1401 | D:3      | Reached XP level 5. HP: 40/42 MP: 5/5
  1539 | D:3      | Found a shimmering blue altar of Sif Muna.
  2511 | D:5      | Entered Level 5 of the Dungeon
  2593 | D:5      | Noticed a water moccasin
  2595 | D:5      | Reached XP level 6. HP: 24/48 MP: 6/6
  2602 | D:5      | Reached ** piety under Okawaru
  2603 | D:5      | Reached skill level 1 in Stealth
  2603 | D:5      | HP: 2/49 [quokka (1)]
  2604 | D:5      | Killed a water moccasin
  2605 | D:5      | Reached skill level 1 in Dodging
  2605 | D:5      | Reached skill level 5 in Shields
  2605 | D:5      | Reached XP level 7. HP: 3/55 MP: 7/7
  2657 | D:5      | Shot with an arrow by a centaur

Illustrated notes

Levels and vault maps discovered:
D:1:      psy_arrival_statuary, layout_loops_cross, serial_shops,
          nicolae_shop_peninsula, minmay_misc_feat_alley
D:2:      layout_rooms, hellmonk_ecumenical_altar_arch_garden,
          serial_bayou_ford_a, kennysheep_flooded_box
D:3:      layout_rooms, nicolae_sif_muna_condensation, minmay_pentomino_pile
D:4:      layout_loops_ring
D:5:      layout_rooms, mainiacjoe_overflow_cross_hatched, serial_shops,
          nicolae_shop_real_fake_doors

Skill      XL: |  1  2  3  4  5  6 |
---------------+-------------------+-----
Axes           | 3 4 |  4.8
Fighting       | 4 |  4.5
Armour         | 4 |  4.4
Stealth        | 1 |  1.1
Dodging        | 1 |  1.0
Shields        | 5 |  5.0

Action                     |  1- 3 |  4- 6 |  7- 9 || total
---------------------------+-------+-------+-------++-------
  Melee: War axe           |    81 |   113 |     5 ||   199
    Use: Scroll            |     2 |     8 |       ||    10
 Armour: Scale mail        |    48 |    61 |       ||   109
         Chain mail        |       |    19 |     3 ||    22
  Dodge: Dodged            |    38 |    85 |     4 ||   127
  Block: Buckler           |    25 |    32 |     3 ||    60
